 Dungeon Crawl Stone Soup version 0.32-a0-791-gfc315c9 (webtiles) character file.

Game seed: 6796801154351016270

1598862 Wizard1ke the Impaler (level 26, 254/254 HPs)
             Began as a Coglin Chaos Knight on Mar 19, 2024.
             Was the Champion of Lugonu.
             Escaped with the Orb
             ... and 3 runes on Mar 20, 2024!
             The game lasted 02:31:54 (73307 turns).

Wizard1ke the Impaler (Coglin Chaos Knight)        Turns: 73307, Time: 02:31:54

Health: 254/254    AC: 38    Str: 22    XL:     26   Next: 98%
Magic:  24/31      EV: 21    Int: 12    God:    Lugonu [******]
Gold:   4557       SH:  0    Dex: 14    Spells: 21/35 levels left

rFire   + . .        z - +9 demon trident (heavy) {Xue}
rCold   + . .        c - +3 demon trident (distort) {Genichi}
rNeg    + . .        (body armour currently unavailable)
rPois   ∞            S - +2 helmet
rElec   +            h - +2 cloak {rCorr}
rCorr   +            (gloves currently unavailable)
SInv    .            (boots currently unavailable)
Will    +....        (amulet unavailable)
Stlth   +            (ring unavailable)
HPRegen 0.62/turn    (ring unavailable)
MPRegen 0.22/turn    L - megacompensator NW-90 {AutoDazzle, rF+ rC+}

%: clarity
@: statue-form, studying Air Magic, very slow
A: slow and powerful, torment resistance 1, boosted hp, off-hand wielding, slow
wielding, warmup strikes, no jewellery, clarity, clumsy 1, deformed body, frail
1, screaming 1, persistent drain
0: Orb of Zot
}: 3/15 runes: serpentine, barnacled, slimy
a: Begin Untransformation, Renounce Religion, Depart the Abyss, Banish, Corrupt,
Enter the Abyss


You escaped.
You worshipped Lugonu.
Lugonu was exalted by your worship.
You were a living statue of rough stone.
You visited 10 branches of the dungeon, and saw 51 of its levels.
You visited the Abyss 1 time.
You visited 1 bazaar.
You also visited: Trove, Ossuary, Gauntlet and Desolation.

You collected 7214 gold pieces.
You spent 2657 gold pieces at shops.

Inventory:

Hand Weapons
 c - a +3 demon trident of distortion (offhand) {Genichi}
 m - the +10 spear of Profit {spect, rF+ rC+ Str+3 SInv}
   (You bought it in a shop on level 4 of the Dungeon)

   Str+3:     It affects your strength (+3).
   rF+:       It protects you from fire.
   rC+:       It protects you from cold.
   SInv:      It lets you see invisible.
 z - a +9 heavy demon trident (weapon) {Xue}
 A - the +10 dark maul {heavy}
   (You found it on level 3 of the Depths)
Missiles
 k - 13 curare-tipped darts
 p - 12 throwing nets
 D - 15 silver javelins
 M - 5 javelins
Armour
 h - a +2 cloak of preservation (worn)
 S - a +2 helmet (worn)
Gizmo
 L - a megacompensator NW-90 (installed) {AutoDazzle, rF+ rC+}
   (You invented it yourself on level 3 of the Lair of Beasts)

   [megacompensator NW-90]

   AutoDazzle: It sometimes fires a blinding ray at enemies whose attacks you
   dodge.
   rF+:       It protects you from fire.
   rC+:       It protects you from cold.
Talismans
 l - a granite talisman (active)
Wands
 b - a wand of digging (20)
 q - a wand of mindburst (36)
 r - a wand of flame (53)
 w - a wand of polymorph (5)
 B - a wand of paralysis (58)
 G - a wand of acid (26)
 U - a wand of warping (59)
Scrolls
 a - 7 scrolls of blinking
 e - 4 scrolls of vulnerability
 n - 4 scrolls of poison
 u - 3 scrolls of immolation
 v - 2 scrolls of silence {!r}
 y - 2 scrolls of fear
 F - 5 scrolls of enchant armour
 I - 7 scrolls of fog
 N - 2 scrolls of torment
 P - 3 scrolls of amnesia
 W - 4 scrolls of noise
 Y - 11 scrolls of teleportation
Potions
 f - 12 potions of enlightenment
 g - 23 potions of curing
 i - 4 potions of mutation
 j - 10 potions of heal wounds
 o - 5 potions of berserk rage {!q}
 s - 5 potions of might
 t - 3 potions of invisibility
 x - 7 potions of attraction
 E - 4 potions of brilliance
 K - 3 potions of lignification
 O - 6 potions of haste
 T - 3 potions of ambrosia
 Z - a potion of cancellation
Miscellaneous
 C - a box of beasts
 H - a phial of floods
 J - a lightning rod (4/4)
 Q - a condenser vane (inert)


   Skills:
 - Level 20.0 Fighting
 - Level 20.9 Polearms
 - Level 9.4 Armour
 - Level 20.0 Dodging
 - Level 5.0 Spellcasting
 + Level 13.7 Translocations
 + Level 11.5 Invocations
 - Level 10.0 Evocations
 - Level 20.0 Shapeshifting


You had 21 spell levels left.
You knew the following spells:

 Your Spells              Type           Power      Damage    Failure   Level
a - Apportation           Tloc           70%        N/A       1%          1
b - Manifold Assault      Tloc           35%        N/A       1%          4
c - Lesser Beckoning      Tloc           70%        N/A       1%          2
d - Fugue of the Fallen   Necr           3%         N/A       52%         3
e - Passage of Golubria   Tloc           35%        N/A       1%          4

Your spell library contained the following spells:

 Spells                   Type           Power      Damage    Failure   Level
 Momentum Strike          Conj/Tloc      38%        3d9       1%          2
 Gell's Gravitas          Tloc           35%        N/A       1%          3
 Teleport Other           Tloc           35%        N/A       1%          3
 Volatile Blastmotes      Fire/Tloc      38%        2d13      3%          3
 Dimensional Bullseye     Hex/Tloc       9%         N/A       12%         4
 Iskenderun's Mystic Bla  Conj/Tloc      19%        2d6       12%         4
 Foxfire                  Conj/Fire      12%        2x1d4     21%         1
 Sandblast                Erth           6%         2d5       21%         1
 Slow                     Hex            12%        N/A       21%         1
 Summon Small Mammal      Summ           12%        N/A       21%         1
 Call Imp                 Summ           6%         N/A       30%         2
 Cigotuvi's Dreadful Rot  Necr/Alch/Air  6%         N/A       30%         2
 Ensorcelled Hibernation  Hex/Ice        6%         N/A       30%         2
 Jinxbite                 Hex            6%         N/A       30%         2
 Scorch                   Fire           6%         2d5       30%         2
 Searing Ray              Conj           6%         2d4       30%         2
 Summon Forest            Summ/Tloc      9%         N/A       32%         5
 Call Canine Familiar     Summ           3%         N/A       52%         3
 Confusing Touch          Hex            3%         N/A       52%         3
 Dazzling Flash           Conj/Hex       6%         N/A       52%         3
 Hailstorm                Conj/Ice       3%         3d5       52%         3
 Ozocubu's Armour         Ice            3%         N/A       52%         3
 Passwall                 Erth           3%         N/A       52%         3
 Sigil of Binding         Hex            3%         N/A       52%         3
 Summon Ice Beast         Ice/Summ       3%         N/A       52%         3
 Swiftness                Air            3%         N/A       52%         3
 Tukima's Dance           Hex            3%         N/A       52%         3
 Vampiric Draining        Necr           3%         2d6       52%         3
 Anguish                  Hex/Necr       1%         N/A       89%         4
 Animate Dead             Necr           3%         N/A       89%         4
 Cause Fear               Hex            1%         N/A       89%         4
 Dispel Undead            Necr           3%         3d7       89%         4
 Flame Wave               Conj/Fire      3%         2d5       89%         4
 Fulminant Prism          Conj/Alch      1%         3d5       89%         4
 Leda's Liquefaction      Alch/Erth      1%         N/A       89%         4
 Martyr's Knell           Necr/Summ      3%         N/A       89%         4
 Olgreb's Toxic Radiance  Alch           3%         N/A       89%         4
 Summon Blazeheart Golem  Fire/Summ      3%         N/A       89%         4
 Alistair's Intoxication  Alch           2%         N/A       99%         5
 Borgnjor's Vile Clutch   Necr/Erth      1%         N/A       99%         5
 Fireball                 Conj/Fire      1%         3d3       99%         5
 Iskenderun's Battlesphe  Conj           3%         2d6       99%         5
 Lee's Rapid Deconstruct  Erth           1%         3d4*      99%         5
 Summon Mana Viper        Hex/Summ       3%         N/A       99%         5
 Yara's Violent Unravell  Hex/Alch       1%         3d3       99%         5
 Bombard                  Conj/Erth      1%         9d1       100%        6
 Death Channel            Necr           1%         N/A       100%        6
 Eringya's Noxious Bog    Alch           1%         4d6       100%        6
 Permafrost Eruption      Ice/Erth       1%         2x4d2     100%        6
 Plasma Beam              Fire/Air       1%         2x1d11    100%        6
 Sculpt Simulacrum        Ice/Alch       1%         N/A       100%        6
 Starburst                Conj/Fire      1%         6d3       100%        6
 Summon Cactus Giant      Summ           1%         N/A       100%        6
 Enfeeble                 Hex            1%         N/A       100%        7
 Haunt                    Necr/Summ      1%         N/A       100%        7
 Monstrous Menagerie      Summ           1%         N/A       100%        7
 Ozocubu's Refrigeration  Ice            1%         4d7       100%        7
 Spellforged Servitor     Conj/Summ      1%         N/A       100%        7
 Summon Hydra             Summ           1%         N/A       100%        7
 Infestation              Necr           1%         N/A       100%        8
 Chain Lightning          Conj/Air       1%         3d2       100%        9
 Dragon's Call            Summ           1%         N/A       100%        9
 Polar Vortex             Ice            1%         N/A       100%        9
 Shatter                  Erth           1%         3d6*      100%        9
 Sublimation of Blood     Necr           Unusable   N/A       N/A         2

Dungeon Overview and Level Annotations

Branches:
Dungeon (15/15)            Temple (0/1) D:5            Lair (5/5) D:11
 Shoals (4/4) Lair:2        Snake (4/4) Lair:3        Slime (5/5) Lair:5
    Orc (2/2) D:9             Elf (3/3) Orc:2        Vaults (4/5) D:14
  Crypt (0/3) Vaults:3     Depths (4/4) D:15            Zot (5/5) Depths:4
Ossuary (visited)         Desolation (visited)      Gauntlet (visited)

Altars:
Cheibriados
Dithmenos
Fedhas
Hepliaklqana
Ru
Sif Muna
Trog
Uskayaw
Wu Jian
Xom
The Shining One
Jiyva

Shops:
D:2 :   D:4 (   D:5 :   Orc:2 ([*:   Shoals:4 *   Snake:2 [(!   Vaults:1 (
Vaults:4 (

Portals:
Hell: Depths:1 Depths:2 Depths:3 Depths:4
Abyss: Depths:3
Pandemonium: Depths:2
Ziggurat: Depths:3

Annotations:
Snake:4 corrupted
Vaults:5 !vaults warning
Zot:4 2 transporters, Plog's ghost, master TrFi
Abyss:1 Bai Suzhen, Snorg, Vv


Innate Abilities, Weirdness & Mutations

You are a living statue of rough stone.
Your actions are slow, but your melee attacks are powerful.
You are resistant to unholy torment.
Your maximum health is greatly increased.
Your equipment is partially melded.
You are immune to poison.
You can wield a second weapon in your off-hand.
It takes a long time for you to wield or remove held weapons.
Your first few attacks do less damage.
You cannot equip rings or amulets.
You possess an exceptional clarity of mind.
You are clumsy. (Dex -2)
Armour fits poorly on your strangely shaped body.
You are frail. (-10% HP)
You occasionally shout uncontrollably at your foes.
Your health recovers twice as slowly from being drained.


Message History

You puncture the cacodemon with your +9 heavy demon trident!
The cacodemon is almost dead.
You puncture the cacodemon with your +3 demon trident of distortion!
The cacodemon blinks!
Casting: Manifold Assault (mildly dangerous; 1% risk of failure)
Press: ? - help, Q - select action, (/) - cycle Dir - look around, f - activate Space momentarily warps into an impossible shape!
You puncture the cacodemon with your +9 heavy demon trident!
You kill the cacodemon!
Lugonu accepts your kill.
(D) Dungeon (T) Temple (L) Lair (A) Shoals (P) Snake Pit (M) Slime Pits (O) Orcish Mines (E) Elven Halls (V) Vaults (C) Crypt (U) Depths (H) Hell (Z) Zot
Where to? (Tab/Enter - D:1 @ (x,y), ? - help)
A hellion comes into view.
You reach to attack!
You stick the hellion like a pincushion with your +9 heavy demon trident!!!
You kill the hellion!
Lugonu accepts your kill.
(D) Dungeon (T) Temple (L) Lair (A) Shoals (P) Snake Pit (M) Slime Pits (O) Orcish Mines (E) Elven Halls (V) Vaults (C) Crypt (U) Depths (H) Hell (Z) Zot
Where to? (Tab/Enter - D:1 @ (x,y), ? - help)
There is a stone staircase leading up here.
You climb upwards.
There is a stone staircase leading down here.
There is a stone staircase leading up here.
You climb upwards.
There is a stone staircase leading down here.
There is a huge open gate here.
The orc shouts!
A chaos spawn comes into view.
There is an open gate here.
Blink to where?
Press: ? - help, Dir - move target
As you read the scroll of blinking, it crumbles to dust.
The kobold shouts!
You have escaped!

........#######'''#######...# #
.#.#....#K#...........#o#...#####
.#......###..ß.###.ß..###......##
...#....#≈.............≈#...##...
........#§.............≈#..#####.
...#....#≈≈.......§.§.≈≈#..#####.
.^.#....#≈§≈≈.....§.≈≈≈≈#..#...#.
...#....#≈≈≈≈≈≈≈.≈≈§§§≈≈#......#.
+#.#....#≈§≈≈≈≈§I≈≈§≈≈≈≈#..#...'.
.#.#....#################..#...#.
...........................#...#.
.#.#.#.....................#.####
.#.#.###########.............#
.#.#.# #.#####..###### .#.#.# #.#
#(..#### .#.#.# #.# #......#
...#.# #.# #..###.#


You could see an orc and a kobold.

Vanquished Creatures
  the Royal Jelly (Slime:5)
  4 orbs of fire (Zot:5)
  A juggernaut (Depths:3)
  Saint Roka (Vaults:4)
  Parghit (Depths:4)
  3 Killer Klowns (Zot:5)
  Margery (Vaults:3)
  Vashnia (Snake:2)
  A caustic shrike (Depths:3)
  4 golden dragons
  Nikola (Vaults:3)
  A bone dragon (Depths:4)
  A Brimstone Fiend (Zot:4)
  An electric golem (Zot:4)
  An Ice Fiend (Depths:2)
  2 liches
  23 Orb Guardians
  A walking frostbound tome (Depths:3)
  10 tentacled monstrosities
  4 deep elf blademasters (Elf:3)
  2 deep elf master archers (Elf:3)
  Asterion (Depths:2)
  A titan (Depths:3)
  A quicksilver dragon (Zot:5)
  Polyphemus (Shoals:2)
  5 sphinxes
  2 krakens
  21 acid blobs
  A searing wretch (Vaults:3)
  An ancient champion (Vaults:3)
  Kirke (D:13)
  2 Executioners (Zot:5)
  3 tengu reavers
  7 death cobs
  Roxanne (Snake:3)
  4 shadow dragons
  5 storm dragons
  5 nagarajas
  Aizul (Snake:1)
  The ghost of Truedra the Cryomancer, an adept DrIE of Vehumet (Elf:3)
  12 azure jellies
  A demonspawn warmonger (D:7)
  9 fire giants
  A balrug (Depths:2)
  2 draconian monks (Zot:4)
  6 frost giants
  19 rockslimes
  Ilsuiw (Shoals:4)
  7 vault wardens
  2 protean progenitors (Zot:5)
  6 orc warlords
  4 deep elf sorcerers (Elf:3)
  A cacodemon (D:3)
  3 draconian scorchers (Zot:4)
  4 draconian shifters
  3 deep elf elementalists (Elf:3)
  2 ghost moths
  A reaper (D:7)
  16 quicksilver oozes
  2 draconian annihilators
  18 ironbound preservers
  3 spriggan defenders
  3 formless jellyfish
  5 draconian stormcallers
  11 very ugly things
  7 ironbound thunderhulks
  8 deep elf death magi
  4 green draconians
  13 stone giants
  5 deep elf demonologists (Elf:3)
  18 dire elephants
  2 vampire knights
  3 halazid warlocks (Desolation)
  4 war gargoyles (Vaults:4)
  4 black draconians
  4 white draconians
  3 purple draconians
  5 red draconians (Zot:4)
  11 deep elf annihilators
  2 spark wasps (Depths:4)
  3 yellow draconians
  2 blizzard demons
  5 merfolk javelineers
  6 merfolk impalers
  9 ragged hierophants (Desolation)
  10 ettins
  3 jiangshi (Depths:1)
  An entropy weaver (shapeshifter) (Elf:3)
  3 deep elf high priests
  4 yaktaur captains
  9 fire dragons
  5 entropy weavers
  13 ice dragons
  Fannar (D:11)
  14 servants of whispers (Desolation)
  4 rakshasas
  Harold (D:9)
  9 great orbs of eyes
  4 vault guards
  An ogre mage (D:15)
  13 peacekeepers
  5 hydras
  9 catoblepae
  An alligator (Lair:5)
  2 hell beasts
  2 merfolk avatars
  6 merfolk aquamancers
  10 ironbound frosthearts
  5 alligator snapping turtles
  14 anacondas
  29 dancing weapons
  8 centaur warriors
  2 two-headed ogres
  9 deep troll shamans
  6 boulder beetles
  10 tengu warriors
  A hell hog (Depths:3)
  12 deep troll earth magi
  14 death yaks
  6 naga warriors
  A vampire mage (Depths:1)
  10 spriggans
  3 spriggan berserkers
  5 shock serpents
  A demonic crawler (D:4)
  13 naga sharpshooters
  20 deep elf knights
  6 orc high priests
  16 hell knights
  Sonja (D:10)
  3 soul eaters
  An occultist (Depths:2)
  A sixfirhy (D:3)
  3 skysharks
  12 sun demons
  Nergalle (D:12)
  A storm dragon skeleton (Vaults:3)
  4 skeletal warriors (Vaults:3)
  4 iron trolls
  6 salamander mystics
  3 flayed ghosts
  15 mana vipers
  9 naga ritualists
  2 orb spiders (Zot:5)
  A large abomination (D:8)
  8 sea snakes
  11 lindwurms
  A shadow demon (D:5)
  7 thermic dynamos
  48 deep trolls
  18 deep elf archers
  9 arcanists
  4 glowing orange brains
  16 ironbound convokers
  30 deep elf pyromancers
  18 deep elf zephyrmancers
  3 necromancers
  3 obsidian bats
  A wolf spider (D:15)
  32 harpies
  A shining eye (shapeshifter) (Depths:3)
  3 oklob plants (Lair:5)
  17 orc knights
  A salamander (shapeshifter) (Elf:3)
  8 cyclopes
  18 manticores
  2 fauns (Shoals:2)
  7 orc sorcerers
  A tengu skeleton (Vaults:3)
  31 ugly things
  9 elephants
  6 shining eyes
  6 guardian serpents
  19 moths of wrath
  11 merfolk sirens
  13 salamanders
  Maurice (D:11)
  4 water nymphs
  3 human skeletons (Vaults:3)
  3 kobold blastminers
  9 naga magi
  14 cane toads
  A molten gargoyle (Desolation)
  42 black mambas
  3 smoke demons (Zot:5)
  A gargoyle (D:12)
  14 vault sentinels
  4 orange demons
  3 hellions
  6 komodo dragons
  An elf skeleton (Vaults:3)
  5 eyes of devastation
  6 rime drakes
  An efreet (Gauntlet)
  A tormentor (Depths:2)
  2 unseen horrors
  19 yaktaurs
  2 red devils
  Psyche (D:8)
  3 yaktaur skeletons (Vaults:3)
  6 tengu conjurers
  2 polar bears
  9 trolls
  36 merfolk
  12 hornets
  2 hellwings
  A tyrant leech (Zot:5)
  15 blink frogs
  Grinder (D:6)
  80 saltlings
  2 glass eyes
  21 dream sheep
  11 snapping turtles
  5 wind drakes
  A jumping spider (Vaults:3)
  Sigmund (D:6)
  49 slime creatures
  2 shadows (D:11)
  2 air elementals
  A centaur simulacrum (D:15)
  10 water elementals
  30 yaks
  An ettin skeleton (Vaults:3)
  A ynoxinul (D:11)
  2 vampires
  3 fire bats (Depths:4)
  4 wraiths
  7 wyverns
  A yak (shapeshifter) (D:13)
  11 basilisks
  3 hogs (D:13)
  Grum (D:8)
  3 wargs
  7 golden eyes
  7 fire elementals
  A human (D:4)
  9 redbacks
  7 steam dragons
  4 vampire mosquitoes (D:15)
  A neqoxec (D:3)
  2 chaos spawn
  41 nagas
  2 acid dragons (D:9)
  14 water moccasins
  3 hell hounds (Gauntlet)
  2 glowing shapeshifter skeletons (Vaults:3)
  35 orc warriors
  3 sky beasts
  2 black bears
  2 laughing skulls (D:14)
  6 ogres
  5 wolves
  16 centaurs
  2 phantoms
  2 kobold brigands
  12 bullfrogs
  A gnoll sergeant (D:12)
  3 earth elementals
  2 scorpions
  28 wights
  A killer bee (D:9)
  6 electric eels
  3 howler monkeys
  A crimson imp (D:11)
  10 hounds
  A quasit (D:11)
  24 orc priests
  2 jellies
  An iguana (D:5)
  A sleepcap (D:8)
  2 gnoll boudas
  9 hell rats
  27 orc wizards
  4 mummies
  16 gnolls
  7 adders
  2 shadow imps
  2 white imps
  4 ufetubi
  A dart slug (D:4)
  2 ribbon worms
  84 orcs
  8 bats
  10 endoplasms
  2 giant cockroaches (D:1)
  A gnoll zombie (Ossuary)
  2 hobgoblins
  2 jackals (D:2)
  2 quokkas
  7 ball pythons
  3 frilled lizards (D:3)
  4 goblins (D:2)
  2 goblin skeletons (D:5)
  2 hobgoblin zombies
  14 kobolds
  2 kobold zombies
  An orc zombie (Ossuary)
  6 rats
  2 aspiring fleshes (Zot:5)
  12 tentacles
2135 creatures vanquished.

Vanquished Creatures (collateral kills)
  An alligator snapping turtle (Shoals:3)
  Erica (D:7)
  A naga sharpshooter (Snake:2)
  Joseph (D:8)
  A gnoll sergeant (D:5)
  A gnoll (D:5)
  A goblin zombie (D:5)
  2 hobgoblin zombies (D:5)
  An orc skeleton (D:5)
  An orc zombie (D:5)
11 creatures vanquished.

Vanquished Creatures (others)
  A nagaraja (Snake:4)
  A black draconian (Zot:2)
  A spark wasp (Zot:2)
  2 salamander tyrants (Snake:4)
  2 anacondas (Snake:4)
  A centaur warrior (Vaults:3)
  A boulder beetle (Vaults:3)
  4 naga sharpshooters (Snake:4)
  A salamander mystic (Snake:4)
  A mana viper (Snake:4)
  A deep troll (Vaults:3)
  3 salamanders (Snake:4)
  2 guardian serpents (Snake:4)
  A naga mage (Snake:4)
  A yaktaur (Vaults:3)
  A human (D:13)
  4 nagas (Snake:4)
  An orc priest (Orc:2)
  An orc (D:3)
  62 spectral weapons
  14 tentacles
106 creatures vanquished.

Grand Total: 2252 creatures vanquished

Notes
Turn   | Place    | Note
-------+----------+-------------------------------------------
     0 | D:1      | Wizard1ke the Coglin Chaos Knight began the quest for the
                  | Orb.
     0 | D:1      | Reached XP level 1. HP: 18/18 MP: 1/1
   115 | D:1      | Reached skill level 1 in Dodging
   197 | D:1      | Reached XP level 2. HP: 24/24 MP: 2/2
   220 | D:1      | XOM: silly message
   577 | D:2      | Found a snail-covered altar of Cheibriados.
   718 | D:2      | Reached XP level 3. HP: 29/29 MP: 3/3
   956 | D:2      | Found Cehes's Book Boutique.
  1093 | D:2      | XOM: silly message
  1275 | D:3      | Reached XP level 4. HP: 31/35 MP: 4/4
  1614 | D:3      | Reached XP level 5. HP: 42/42 MP: 5/5
  1721 | D:3      | XOM: silly message
  1766 | D:3      | XOM: silly message
  1936 | D:3      | XOM: noise
  2353 | D:4      | XOM: silly message
  2524 | D:4      | Noticed a black bear
  2531 | D:4      | Killed a black bear
  2532 | D:4      | Reached XP level 6. HP: 25/48 MP: 6/6
  2557 | D:4      | XOM: cloud trail
  2646 | D:4      | Found a sand-covered staircase.
  2659 | Ossuary  | Entered an ossuary
  2679 | Ossuary  | XOM: silly message
  2700 | D:4      | XOM: confuse monster(s)
  2722 | D:4      | Found Wykietwo's Antique Weapon Emporium.
  3523 | D:5      | Entered Level 5 of the Dungeon
  3549 | D:4      | a scorpion changed into a human
  3549 | D:4      | Noticed a human
  3549 | D:4      | XOM: polymorph scorpion -> human
  3558 | D:4      | XOM: blink monster(s)
  3565 | D:4      | Killed a human
  3566 | D:4      | Reached XP level 7. HP: 43/55 MP: 7/7
  3706 | D:5      | XOM: enchant monster (bad)
  3818 | D:5      | Found a staircase to the Ecumenical Temple.
  3889 | D:5      | Found Kurphedd's Book Shop.
  3892 | D:5      | XOM: fog
  3925 | D:5      | XOM: god gift: 2 coppery potions {god gift}
  3926 | D:5      | XOM: repel stairs
  4067 | D:5      | XOM: polymorph water moccasin -> centaur
  4074 | D:5      | XOM: silly message
  4150 | D:5      | Reached skill level 5 in Fighting
  4299 | D:4      | Bought a faintly glowing spear for 184 gold pieces
  4299 | D:4      | Identified the +10 spear of Profit {spect, rF+ rC+ Str+3
                  | SInv} (You bought it in a shop on level 4 of the Dungeon)
  4348 | D:4      | XOM: give mutations
  4348 | D:4      | Gained mutation: You are partially covered in large bone
                  | plates. (SH +4) [Xom's grace]
  4348 | D:4      | Gained mutation: Your mind is acute. (Int +4, Str/Dex -1)
                  | [Xom's grace]
  4482 | D:5      | Found a hazy altar of Hepliaklqana.
  4531 | D:5      | Reached XP level 8. HP: 62/62 MP: 8/8
  4588 | D:5      | XOM: cast spell 'Summon Mana Viper'
  4597 | D:5      | Reached skill level 5 in Polearms
  4702 | D:5      | XOM: scenery: 1 doors close
  4785 | D:5      | XOM: summons 6 friendly demons
  4792 | D:5      | Found a glowing golden altar of the Shining One.
  5109 | D:6      | Reached skill level 5 in Armour
  5153 | D:6      | XOM: silly message
  5160 | D:6      | XOM: potion effect (invisibility)
  5227 | D:6      | Noticed Sigmund
  5238 | D:6      | Killed Sigmund
  5239 | D:6      | Reached skill level 5 in Dodging
  5239 | D:6      | Reached XP level 9. HP: 65/71 MP: 9/9
  5390 | D:6      | Noticed Grinder
  5395 | D:6      | Killed Grinder
  5931 | D:7      | Found a bloodstained altar of Trog.
  5949 | D:7      | Found a shimmering blue altar of Sif Muna.
  5955 | D:7      | Got Sif Muna's Teachings on Location
  5965 | D:7      | XOM: blink monster(s)
  6050 | D:7      | XOM: summons 3 hostile shadow creatures
  6051 | D:7      | Noticed a hornet
  6056 | D:7      | Identified the +2 leather armour of Inquiry {rF+ Str+3
                  | Dex+3}
  6194 | D:7      | XOM: cast spell 'Metabolic Englaciation'
  6234 | D:7      | XOM: scenery: summon butterflies
  6349 | D:7      | XOM: cloud trail
  6478 | D:8      | Reached XP level 10. HP: 73/79 MP: 10/10
  6499 | D:8      | Noticed Psyche
  6511 | D:8      | Killed Psyche
  6577 | D:8      | XOM: summons 8 friendly demons
  6614 | D:8      | Noticed a gargoyle
  6614 | D:8      | Noticed a cyan ugly thing
  6624 | D:8      | Noticed a skeletal warrior
  6680 | D:8      | Noticed Joseph
  6689 | D:8      | XOM: enchant monster (good)
  6698 | D:8      | XOM: summons friendly chaos spawn
  6705 | D:8      | Killed Joseph
  6888 | D:8      | Noticed a two-headed ogre
  6890 | D:8      | XOM: 2-stop teleportation journey
  6919 | D:8      | Killed a two-headed ogre
  7139 | D:8      | XOM: god gift: potion of enlightenment
  7146 | D:8      | Noticed Erica
  7153 | D:8      | Noticed Grum
  7154 | D:8      | XOM: smoke on damage
  7167 | D:8      | XOM: confuse monster(s)
  7183 | D:8      | XOM: scenery: summon butterflies
  7185 | D:7      | XOM: cast spell 'Summon Hydra'
  7188 | D:7      | Killed Erica
  7252 | D:8      | Killed Grum
  7382 | D:8      | Identified the +0 ring mail of Negation {Dex+3}
  7409 | D:8      | XOM: give mutations
  7409 | D:8      | Gained mutation: You possess an exceptional clarity of
                  | mind. [Xom's grace]
  7409 | D:8      | Gained mutation: Your flesh is cold resistant. (rC+) [Xom's
                  | grace]
  7409 | D:8      | Gained mutation: You are partially covered in iridescent
                  | scales. (AC +2) [Xom's grace]
  7409 | D:8      | Gained mutation: Your spells are a little harder to cast,
                  | but a little more powerful. [Xom's grace]
  7419 | D:8      | Found a blossoming altar of Fedhas.
  7473 | D:8      | XOM: scenery: create altars
  7649 | D:8      | Reached XP level 11. HP: 75/87 MP: 11/11
  7783 | D:8      | XOM: give mutation
  7783 | D:8      | Gained mutation: You are mostly covered in iridescent
                  | scales. (AC +4) [Xom's grace]
  7795 | D:9      | XOM: stealth player
  7905 | D:9      | XOM: repel stairs
  7914 | D:9      | XOM: divination: detect items
  8169 | D:9      | Noticed Harold
  8169 | D:9      | Noticed a two-headed ogre
  8177 | D:9      | Killed a two-headed ogre
  8192 | D:9      | Killed Harold
  8370 | D:9      | Found a staircase to the Orcish Mines.
  8509 | D:9      | Paralysed by a hornet for 1 turns
  8516 | D:9      | XOM: smoke on damage
  8516 | D:9      | Paralysed by a hornet for 1 turns
  8528 | D:9      | XOM: give mutations
  8528 | D:9      | Gained mutation: Your health recovers twice as slowly from
                  | being drained. [Xom's mischief]
  8528 | D:9      | Lost mutation: Your mind is acute. (Int +4, Str/Dex -1)
                  | [Xom's mischief]
  8528 | D:9      | Lost mutation: You are mostly covered in iridescent scales.
                  | (AC +4) [Xom's mischief]
  8528 | D:9      | Gained mutation: You occasionally lose the ability to read
                  | scrolls when taking damage. [Xom's mischief]
  8937 | D:9      | XOM: swap monsters
  8957 | D:9      | XOM: give mutations
  8957 | D:9      | Gained mutation: Your body sometimes deteriorates upon
                  | taking damage. [Xom's mischief]
  8957 | D:9      | Gained mutation: You have a pair of small antennae on your
                  | head. [Xom's mischief]
  8957 | D:9      | Gained mutation: You are covered in fur. (AC +1) [Xom's
                  | mischief]
  8957 | D:9      | Lost mutation: You possess an exceptional clarity of mind.
                  | [Xom's mischief]
  9055 | D:9      | XOM: confusion (+ monsters)
  9124 | D:9      | Identified the +7 whip "Cutz" {freeze, *Rage rElec Str+8
                  | Dex-5}
  9136 | D:9      | XOM: summons 1 hostile shadow creature
  9138 | D:9      | XOM: cloud trail
  9460 | D:10     | Entered Level 10 of the Dungeon
  9706 | Abyss:1  | Cast into level 1 of the Abyss (Xom)
  9711 | Abyss:1  | Found a corrupted altar of Lugonu.
  9724 | Abyss:1  | Found a corrupted altar of Lugonu.
  9727 | Abyss:1  | Noticed a large abomination
  9734 | Abyss:1  | Fell from the grace of Xom
  9734 | Abyss:1  | Became a worshipper of Lugonu the Unformed
  9734 | Abyss:1  | Reached * piety under Lugonu
  9734 | Abyss:1  | Reached ** piety under Lugonu
  9747 | Abyss:1  | Found a corrupted altar of Lugonu.
  9752 | Abyss:1  | Noticed a hell knight
  9752 | Abyss:1  | Noticed a necromancer
  9752 | Abyss:1  | Noticed a hell knight
  9752 | Abyss:1  | Noticed a necromancer
  9752 | Abyss:1  | Noticed a hell knight
  9753 | D:10     | Escaped the Abyss
  9815 | D:10     | XOM: give mutations
  9815 | D:10     | Lost mutation: Your health recovers twice as slowly from
                  | being drained. [Xom's mischief]
  9815 | D:10     | Gained mutation: You are frail. (-10% HP) [Xom's mischief]
  9815 | D:10     | Lost mutation: You have a pair of small antennae on your
                  | head. [Xom's mischief]
 10163 | D:10     | Noticed Sonja
 10169 | D:10     | Killed Sonja
 10213 | D:10     | XOM: give mutation
 10213 | D:10     | Gained mutation: You are mostly covered in iridescent
                  | scales. (AC +4) [Xom's mischief]
 10462 | D:11     | Noticed a cyclops
 10468 | D:11     | Killed a cyclops
 10512 | D:11     | Reached skill level 10 in Fighting
 10540 | D:11     | Reached XP level 12. HP: 87/87 MP: 12/12
 10562 | D:11     | XOM: noise
 10858 | D:11     | Found a staircase to the Lair.
 10964 | D:11     | Noticed Fannar
 10976 | D:11     | Noticed Maurice
 10982 | D:11     | Killed Fannar
 10989 | D:11     | Killed Maurice
 11432 | Lair:1   | Entered Level 1 of the Lair of Beasts
 11432 | Lair:1   | Noticed a catoblepas
 11636 | Lair:1   | Killed a catoblepas
 11637 | Lair:1   | Reached skill level 10 in Polearms
 11783 | Lair:1   | Reached skill level 1 in Invocations
 11784 | Lair:1   | Reached *** piety under Lugonu
 11859 | Lair:1   | Reached skill level 1 in Evocations
 11927 | Lair:1   | Identified 2 scrolls of acquirement
 11928 | Lair:1   | Acquired a manual of Polearms
 11932 | Lair:1   | Learned a level 1 spell: Apportation
 12392 | Lair:1   | Reached skill level 1 in Shapeshifting
 12488 | Lair:1   | Reached XP level 13. HP: 95/95 MP: 16/16
 12955 | Lair:1   | Got the Meditations on Freezing and Peregrination
 12961 | Lair:1   | Learned a level 4 spell: Manifold Assault
 12964 | Lair:1   | Learned a level 2 spell: Lesser Beckoning
 12968 | Lair:1   | Learned a level 3 spell: Fugue of the Fallen
 13247 | Lair:2   | XOM: noise
 13260 | Lair:2   | Reached skill level 5 in Shapeshifting
 13362 | Lair:2   | XOM: 2-stop teleportation journey
 13815 | Lair:2   | XOM: noise
 13849 | Lair:2   | Found a staircase to the Shoals.
 14013 | Lair:2   | XOM: silly message
 14278 | Lair:3   | Reached **** piety under Lugonu
 14478 | Lair:3   | Found a staircase to the Snake Pit.
 15646 | Lair:4   | Noticed Snorg
 15649 | Lair:4   | Reached ***** piety under Lugonu
 15677 | Lair:4   | Banished Snorg
 15949 | Lair:4   | Reached XP level 14. HP: 101/101 MP: 17/17
 15956 | Lair:3   | Acquired a megacompensator NW-90 {AutoDazzle, rF+ rC+}
 16485 | Lair:5   | Entered Level 5 of the Lair of Beasts
 16573 | Lair:4   | Reached skill level 10 in Shapeshifting
 16716 | Lair:5   | XOM: 1-stop teleportation journey
 17461 | Lair:5   | XOM: god gift: leather armour {god gift}
 18275 | Lair:5   | XOM: swap monsters
 18541 | Lair:4   | XOM: confusion (+ monsters)
 19142 | Lair:5   | XOM: polymorph manticore -> manticore
 19224 | Lair:5   | XOM: swap monsters
 19269 | Lair:4   | XOM: give mutations
 19269 | Lair:4   | Gained mutation: You sometimes lose your temper in combat.
                  | [Xom's mischief]
 19269 | Lair:4   | Gained mutation: You expend magic power (3 MP) to
                  | strengthen your wands. [Xom's mischief]
 19269 | Lair:4   | Gained mutation: You are strong-willed. (Will+) [Xom's
                  | mischief]
 19269 | Lair:4   | Gained mutation: You are agile. (Dex +4, Str/Int -1) [Xom's
                  | mischief]
 19752 | Lair:4   | Reached XP level 15. HP: 106/106 MP: 18/18
 19762 | Lair:4   | XOM: give mutations
 19762 | Lair:4   | Lost mutation: You are mostly covered in iridescent scales.
                  | (AC +4) [Xom's mischief]
 19762 | Lair:4   | Lost mutation: Your flesh is cold resistant. (rC+) [Xom's
                  | mischief]
 19762 | Lair:4   | Lost mutation: You are agile. (Dex +4, Str/Int -1) [Xom's
                  | mischief]
 19762 | Lair:4   | Gained mutation: You have hidden genetic defects. [Xom's
                  | mischief]
 19958 | Lair:5   | Identified the +0 mace "Cunneet" {distort, *Corrode Int+5
                  | Stlth+}
 20202 | Lair:4   | XOM: noise
 20445 | D:12     | Found a gate leading to a gauntlet.
 20446 | D:12     | Noticed Nergalle
 20462 | D:12     | Killed Nergalle
 20502 | Gauntlet | Entered a Gauntlet
 20502 | Gauntlet | Found a transporter.
 20502 | Gauntlet | Found a transporter.
 20503 | Gauntlet | Acquired a granite talisman
 20510 | Gauntlet | Found a transporter.
 20513 | Gauntlet | Found a transporter.
 20513 | Gauntlet | Found a transporter.
 20552 | Gauntlet | Found a transporter.
 20554 | Gauntlet | Found a transporter.
 20554 | Gauntlet | Found a transporter.
 20567 | Gauntlet | Found a transporter.
 20583 | Gauntlet | Found a transporter.
 20593 | Gauntlet | Found a transporter.
 20597 | Gauntlet | Found a transporter.
 20639 | Gauntlet | Found a transporter.
 20651 | Gauntlet | Found a transporter.
 20767 | Gauntlet | Lost mutation: Your body sometimes deteriorates upon taking
                  | damage. [potion of mutation]
 20767 | Gauntlet | Lost mutation: You have hidden genetic defects. [potion of
                  | mutation]
 20767 | Gauntlet | Gained mutation: You are agile. (Dex +4, Str/Int -1)
                  | [potion of mutation]
 20767 | Gauntlet | Gained mutation: Your muscles are strong. (Str +4, Int/Dex
                  | -1) [potion of mutation]
 20768 | Gauntlet | Lost mutation: Your spells are a little harder to cast, but
                  | a little more powerful. [potion of mutation]
 20768 | Gauntlet | Lost mutation: You are partially covered in iridescent
                  | scales. (AC +2) [potion of mutation]
 20768 | Gauntlet | Lost mutation: You occasionally lose the ability to read
                  | scrolls when taking damage. [potion of mutation]
 20768 | Gauntlet | Lost mutation: Your muscles are strong. (Str +4, Int/Dex
                  | -1) [potion of mutation]
 20769 | Gauntlet | Lost mutation: You are partially covered in large bone
                  | plates. (SH +4) [potion of mutation]
 20769 | Gauntlet | Lost mutation: You are covered in fur. (AC +1) [potion of
                  | mutation]
 20769 | Gauntlet | Gained mutation: Your spells are a little easier to cast,
                  | but a little less powerful. [potion of mutation]
 20770 | Gauntlet | Lost mutation: You are agile. (Dex +4, Str/Int -1) [potion
                  | of mutation]
 20770 | Gauntlet | Lost mutation: You are frail. (-10% HP) [potion of
                  | mutation]
 20770 | Gauntlet | Gained mutation: Your body sometimes deteriorates upon
                  | taking damage. [potion of mutation]
 20770 | Gauntlet | Gained mutation: You occasionally shout uncontrollably at
                  | your foes. [potion of mutation]
 20770 | Gauntlet | Lost mutation: Your spells are a little easier to cast, but
                  | a little less powerful. [potion of mutation]
 20771 | Gauntlet | Lost mutation: You occasionally shout uncontrollably at
                  | your foes. [potion of mutation]
 20771 | Gauntlet | Lost mutation: Your body sometimes deteriorates upon taking
                  | damage. [potion of mutation]
 20771 | Gauntlet | Gained mutation: You are frail. (-10% HP) [potion of
                  | mutation]
 20771 | Gauntlet | Gained mutation: Your skin changes colour to match your
                  | surroundings (Stealth+). [potion of mutation]
 20771 | Gauntlet | Gained mutation: You are agile. (Dex +4, Str/Int -1)
                  | [potion of mutation]
 20772 | Gauntlet | Lost mutation: You are agile. (Dex +4, Str/Int -1) [potion
                  | of mutation]
 20772 | Gauntlet | Lost mutation: You sometimes lose your temper in combat.
                  | [potion of mutation]
 20772 | Gauntlet | Lost mutation: Your skin changes colour to match your
                  | surroundings (Stealth+). [potion of mutation]
 20772 | Gauntlet | Gained mutation: You possess an exceptional clarity of
                  | mind. [potion of mutation]
 20772 | Gauntlet | Gained mutation: Your muscles are strong. (Str +4, Int/Dex
                  | -1) [potion of mutation]
 20898 | Gauntlet | Identified the +3 executioner's axe of Excruciating Pain
                  | {speed, rC++}
 20902 | Gauntlet | XOM: polymorph minotaur -> faun
 21207 | D:12     | XOM: give mutations
 21207 | D:12     | Gained mutation: You are clumsy. (Dex -2) [Xom's mischief]
 21207 | D:12     | Lost mutation: You are strong-willed. (Will+) [Xom's
                  | mischief]
 21207 | D:12     | Lost mutation: You expend magic power (3 MP) to strengthen
                  | your wands. [Xom's mischief]
 21207 | D:12     | Lost mutation: You are clumsy. (Dex -2) [Xom's mischief]
 21523 | D:12     | Was forgiven by Xom
 21711 | Orc:1    | Entered Level 1 of the Orcish Mines
 22094 | Orc:2    | Entered Level 2 of the Orcish Mines
 22360 | Orc:2    | Found a staircase to the Elven Halls.
 22384 | Orc:2    | Reached ****** piety under Lugonu
 22550 | Orc:2    | Reached skill level 1 in Translocations
 22600 | Orc:2    | Noticed an orc warlord
 22607 | Orc:2    | Banished an orc warlord
 23000 | Orc:2    | Reached skill level 5 in Translocations
 23197 | Orc:2    | Found Ykashril's General Store.
 23198 | Orc:2    | Found Gylubi's Book Boutique.
 23200 | Orc:2    | Found Zaffa's Antique Armour Boutique.
 23200 | Orc:2    | Found Cetzec's Antique Weapon Shop.
 23396 | Orc:2    | Bought encrusted pearl dragon scales for 1759 gold pieces
 23396 | Orc:2    | Identified the +5 pearl dragon scales of Somewhere Else
                  | {Rampage rElec rN+ Dex-2} (You bought it in a shop on level
                  | 2 of the Orcish Mines)
 24276 | D:13     | Noticed Kirke
 24283 | D:13     | Killed Kirke
 24788 | D:14     | Found a flickering gateway to a bazaar.
 24821 | Bazaar   | Entered a bazaar
 24822 | Bazaar   | Found Reciebb's Magic Scroll Boutique.
 24842 | Bazaar   | Found Cisosixened's Antique Armour Emporium.
 24853 | Bazaar   | Found Anoxku's General Store.
 24861 | Bazaar   | Bought a scroll of blinking for 82 gold pieces
 24861 | Bazaar   | Found Fegyhym's Book Shop.
 24872 | Bazaar   | Found Gahu's Antique Weapon Emporium.
 24880 | Bazaar   | Bought a glowing trident for 130 gold pieces
 24902 | Bazaar   | Bought a scroll of poison for 44 gold pieces
 24902 | Bazaar   | Bought a scroll of brand weapon for 104 gold pieces
 24962 | D:14     | Reached XP level 16. HP: 112/112 MP: 3/19
 25692 | D:14     | Found a gate to the Vaults.
 26205 | D:15     | Entered Level 15 of the Dungeon
 26213 | D:15     | Reached skill level 15 in Shapeshifting
 26534 | D:15     | Identified the +6 hand axe of the Solstice {heavy, rPois
                  | rF- rCorr}
 26874 | D:15     | Found a staircase to the Depths.
 27160 | D:15     | Found a hazy altar of Hepliaklqana.
 27224 | D:15     | Identified the +2 robe of the Cockroach {+Blink rCorr Int+2
                  | Dex-5}
 27662 | Snake:1  | Entered Level 1 of the Snake Pit
 27668 | Snake:1  | Learned a level 4 spell: Passage of Golubria
 27976 | Snake:1  | Reached skill level 10 in Translocations
 28597 | Snake:1  | Identified the serpent talisman of Action {*Slow +Blink
                  | rElec rC+}
 28597 | Snake:1  | Noticed Aizul
 28615 | Snake:1  | Killed Aizul
 29564 | Snake:2  | Noticed a nagaraja
 29571 | Snake:2  | Killed a nagaraja
 29851 | Snake:2  | Found Reizuurph's Distillery.
 29851 | Snake:2  | Found Sishrel's Antique Weapon Shop.
 29854 | Snake:2  | Found Cunoheyf's Armour Boutique.
 29859 | Snake:2  | Bought a potion of heal wounds for 60 gold pieces
 29872 | Snake:2  | Noticed Vashnia
 30567 | Snake:2  | Reached XP level 17. HP: 117/117 MP: 11/20
 31082 | Snake:2  | Killed Vashnia
 31282 | Snake:3  | Identified the +8 chain mail "Ellupnikk" {Str+3 Dex-5
                  | Stlth+}
 31898 | Snake:3  | Noticed Roxanne
 32285 | Snake:3  | Killed Roxanne
 32751 | Snake:3  | Reached skill level 1 in Spellcasting
 33320 | Snake:4  | Entered Level 4 of the Snake Pit
 34266 | Snake:4  | Corrupted Snake:4
 34679 | Snake:4  | Got a serpentine rune of Zot
 34809 | Snake:4  | Reached skill level 15 in Polearms
 35217 | Shoals:1 | Entered Level 1 of the Shoals
 35515 | Shoals:1 | Reached XP level 18. HP: 124/124 MP: 10/25
 35616 | Shoals:1 | Reached skill level 5 in Spellcasting
 36578 | Shoals:2 | Found a shadowy altar of Dithmenos.
 36718 | Shoals:2 | Noticed Polyphemus
 36728 | Shoals:2 | Killed Polyphemus
 39755 | Shoals:4 | Entered Level 4 of the Shoals
 40516 | Shoals:4 | Got a barnacled rune of Zot
 40572 | Shoals:4 | Found Dungirum's Assorted Antiques.
 40580 | Shoals:4 | Bought a scroll of teleportation for 126 gold pieces
 40580 | Shoals:4 | Bought a scroll of fear for 168 gold pieces
 40602 | Shoals:4 | Noticed Ilsuiw
 40636 | Shoals:4 | Killed Ilsuiw
 40711 | Shoals:4 | Reached skill level 15 in Fighting
 40728 | Shoals:4 | Reached XP level 19. HP: 135/139 MP: 11/26
 41836 | Shoals:4 | Reached skill level 5 in Evocations
 41857 | Shoals:4 | Identified the staff of Gallantry {^Fragile rPois rC+ Dex+6
                  | Ice}
 42145 | Vaults:1 | Entered Level 1 of the Vaults
 42547 | Vaults:1 | Reached skill level 5 in Invocations
 42679 | Vaults:1 | Reached skill level 10 in Dodging
 43613 | Vaults:1 | Found Plog's Weapon Emporium.
 44873 | Vaults:2 | Reached XP level 20. HP: 153/153 MP: 6/27
 46881 | Vaults:3 | Noticed Nikola
 47513 | Vaults:3 | Identified the +0 short sword of Furphus {freeze, Dex+4}
 47760 | Vaults:3 | Noticed Margery
 48042 | Vaults:3 | Reached XP level 21. HP: 159/159 MP: 28/28
 48075 | Vaults:3 | Found a staircase to the Crypt.
 48196 | Vaults:3 | Killed Margery
 48427 | Vaults:3 | Killed Nikola
 49242 | Vaults:4 | Found a crumbling gateway.
 49321 | Desolati | Entered the Desolation of Salt
 49789 | Desolati | Identified the +1 plate armour "Nomergho" {Int+6}
 50213 | Desolati | Got the Quarto of Mud
 50247 | Desolati | Identified the ring "Upuiluc" {rPois MP+9 Str+2 Dex-3}
 50520 | Desolati | Identified the +0 robe of a Hundred Runes {Str+3}
 50520 | Desolati | Identified the ring of Yfyrar {EV+5 Str+5}
 50853 | Desolati | Got the Compilation of the Entourage
 50867 | Desolati | Identified the +8 hand axe of the Wasp {venom, rN+ Str+3
                  | Int+4}
 50870 | Desolati | Identified the +1 broad axe "Omelette" {venom, Str+6}
 50873 | Desolati | Found the +8 arc blade {discharge, rElec}
 51061 | Desolati | Identified the +11 short sword "Qedos" {holy, *Corrode
                  | Int+8}
 51522 | Vaults:4 | Reached XP level 22. HP: 169/169 MP: 11/29
 51525 | Vaults:4 | Noticed Saint Roka
 51530 | Vaults:4 | Killed Saint Roka
 51993 | Vaults:4 | Identified the ring "Xivozeip" {*Slow Int+5 SInv Stlth+}
 51995 | Vaults:4 | Identified the ring of Waunism {rF+ rC+ AC+4 Slay+2}
 52141 | Vaults:4 | Found Qyrounge's Weapon Emporium.
 52650 | Elf:1    | Entered Level 1 of the Elven Halls
 52747 | Elf:1    | Identified the +9 ring mail of the Echidna {Int+3 Dex+3
                  | SInv}
 53005 | Elf:1    | Got Lom Lobon's Tome of Injury
 53902 | Elf:1    | Paralysed by an air elemental for 1 turns
 54670 | Elf:2    | Found a runed translucent gate.
 54671 | Elf:2    | Found a runed translucent gate.
 54672 | Elf:2    | Found a runed translucent gate.
 54703 | Elf:2    | Got the Incunabulum of the Aggregated Maleficium
 55071 | Elf:2    | Found a portal to a secret trove of treasure.
 56556 | Elf:2    | Identified a +2 demon trident of distortion {Genichi} (a +0
                  | demon trident of flaming {Genichi} corrupted by Lugonu)
 56556 | Elf:2    | Received a gift from Lugonu
 56677 | Elf:3    | Entered Level 3 of the Elven Halls
 56851 | Elf:3    | Found a runed translucent door.
 56854 | Elf:3    | Noticed Truedra's ghost (adept DrIE)
 57579 | Elf:3    | Identified the +1 great mace of Grontol {drain, Dex+2}
 57615 | Elf:3    | Reached XP level 23. HP: 174/176 MP: 6/30
 57868 | Elf:3    | Identified the staff "Xepael" {rF+ rN+ Int+3 Fire}
 58137 | Elf:3    | Reached skill level 10 in Evocations
 58281 | Elf:3    | Identified the +3 ring mail of Cymighi {rN+}
 58805 | Elf:3    | Killed Truedra's ghost
 59106 | Depths:1 | Entered Level 1 of the Depths
 59755 | Depths:1 | Found a hide-covered altar of Uskayaw.
 60047 | Depths:1 | Identified the +6 quarterstaff "Wetaguga" {protect, rC+}
 60380 | Depths:1 | Found a gateway to Hell.
 60507 | Depths:2 | Noticed Bai Suzhen
 60513 | Depths:2 | Noticed Asterion
 60518 | Depths:1 | Banished Bai Suzhen
 60650 | Depths:2 | Noticed Vv
 60656 | Depths:1 | Banished Vv
 60854 | Depths:2 | Killed Asterion
 60993 | Depths:2 | Found a sacrificial altar of Ru.
 61493 | Depths:2 | Found a one-way gate leading to the halls of Pandemonium.
 61760 | Depths:2 | Reached XP level 24. HP: 183/183 MP: 15/30
 61971 | Depths:3 | Found a one-way gate to the infinite horrors of the Abyss.
 62274 | Depths:3 | Found an ornate altar of the Wu Jian Council.
 62341 | Depths:3 | Found a one-way gateway to a ziggurat.
 62800 | Depths:3 | Found the +10 dark maul {heavy}
 62804 | Depths:3 | Reached skill level 10 in Invocations
 62946 | Depths:3 | Noticed a caustic shrike
 62950 | Depths:3 | Killed a caustic shrike
 63257 | Depths:3 | Identified the +5 hand axe of Dissent {freeze, rF+ Dex+3}
 63259 | Depths:3 | Got the Notes on Transmogrification
 63261 | Depths:3 | Identified the +2 quarterstaff "Gonn" {vamp, Str+3}
 63393 | Depths:3 | Identified the +7 flail "Supafoy" {freeze, rF- rCorr MP+9
                  | Stlth+}
 63404 | Depths:3 | Identified the +5 plate armour of Zodanekh {Harm rC+ SInv}
 63610 | Depths:3 | Noticed a juggernaut
 63616 | Depths:3 | Killed a juggernaut
 63749 | Depths:3 | Identified the +6 sling of Greatest Utility {flame, rC+ rN+
                  | Will+}
 64185 | Depths:4 | Entered Level 4 of the Depths
 64867 | Depths:4 | Reached skill level 15 in Dodging
 65156 | Depths:4 | Found a gate to the Realm of Zot.
 65326 | Depths:4 | Noticed Parghit
 65330 | Depths:4 | Killed Parghit
 65331 | Depths:4 | Reached XP level 25. HP: 189/189 MP: 3/30
 66670 | Lair:5   | Found a staircase to the Slime Pits.
 66739 | Slime:1  | Entered Level 1 of the Pits of Slime
 67280 | Slime:5  | Entered Level 5 of the Pits of Slime
 67426 | Slime:5  | Noticed the Royal Jelly
 67427 | Slime:5  | Gained mutation: You occasionally shout uncontrollably at
                  | your foes. [a shining eye]
 67618 | Slime:5  | Found a viscous altar of Jiyva.
 67661 | Slime:5  | Found the +8 frozen axe "Frostbite" {freeze, freezing
                  | cloud, *Noise Fly rC+}
 67754 | Slime:5  | Killed the Royal Jelly
 68113 | Slime:5  | Identified the +4 trident "Fehamuri" {flame, rC+ rN+ Dex+2}
 68165 | Slime:5  | Got a slimy rune of Zot
 68182 | Slime:5  | Identified the +1 leather armour of the Sun {rPois rC+ rN+
                  | Regen+}
 68692 | Elf:2    | You showed the slimy rune of Zot to enter a treasure trove
 68693 | Trove    | Entered a treasure trove
 68707 | Trove    | Identified the +1 whip "Xithrotha" {protect, rElec}
 68708 | Trove    | Identified the +7 whip "Xejapt" {protect, *Corrode +Blink
                  | Int+3 Dex+2}
 68718 | Trove    | Identified the +9 whip "Etsar" {chaos, rCorr Int+6 Stlth+}
 68725 | Trove    | Identified the +6 sling "Widowmaker" {speed, rC+ Str+3
                  | Dex+3}
 68741 | Trove    | Identified the +5 whip "Difus" {protect, Fly rPois rF+
                  | SInv}
 69141 | Zot:1    | Entered Level 1 of the Realm of Zot
 70468 | Zot:4    | Noticed Plog's ghost (master TrFi)
 70469 | Zot:4    | Found a transporter.
 70470 | Zot:4    | Found a transporter.
 70528 | Zot:4    | Reached XP level 26. HP: 174/196 MP: 5/30
 71006 | Zot:5    | Entered Level 5 of the Realm of Zot
 71991 | Zot:5    | Noticed a Killer Klown
 71996 | Zot:5    | Killed a Killer Klown
 71996 | Zot:5    | Noticed an orb of fire
 71999 | Zot:5    | Killed an orb of fire
 72097 | Zot:5    | Noticed an orb of fire
 72103 | Zot:5    | Noticed a Killer Klown
 72104 | Zot:5    | Gained mutation: Armour fits poorly on your strangely
                  | shaped body. [an orb of fire]
 72107 | Zot:5    | Killed an orb of fire
 72107 | Zot:5    | Killed a Killer Klown
 72251 | Zot:5    | Noticed a Killer Klown
 72256 | Zot:5    | Killed a Killer Klown
 72437 | Zot:5    | Noticed an orb of fire
 72442 | Zot:5    | Gained mutation: You are clumsy. (Dex -2) [an orb of fire]
 72447 | Zot:5    | Killed an orb of fire
 72494 | Zot:5    | Noticed an orb of fire
 72504 | Zot:5    | Killed an orb of fire
 72672 | Zot:5    | Got the Orb of Zot
 72868 | Depths:4 | Noticed Plog the pandemonium lord
 72871 | Depths:4 | Banished Plog the pandemonium lord
 73229 | D:3      | Lost mutation: Your muscles are strong. (Str +4, Int/Dex
                  | -1) [a neqoxec]
 73234 | D:3      | Gained mutation: Your health recovers twice as slowly from
                  | being drained. [a cacodemon]
 73307 | D:$      | Escaped with the Orb!

Illustrated notes

Levels and vault maps discovered:
D:1:      lordsloth_arrival_two_stooges, layout_basic
D:2:      minmay_angry_zag, layout_basic, basic_altar, serial_shops,
          nicolae_shop_stone, hex_tiny, kennysheep_minor_cross
D:3:      layout_basic, kennysheep_small_spiral, minmay_ruptured
D:4:      black_bear_nest_2, layout_cave_pods, enter_ossuary_1, serial_shops,
          nicolae_inconvenience_store
D:5:      layout_rooms, mainiacjoe_overflow_six_doors_small,
          nicolae_tso_besieged_by_evil, minmay_temple_entry_from_below_a,
          serial_shops, nicolae_shop_statue_plus
D:6:      layout_loops_corners, uniq_sigmund, uniq_grinder
D:7:      layout_rooms, nzn_overflow_gifts_of_might_and_magic
D:8:      layout_basic, mainiacjoe_overflow_alcove_2, serial_glass,
          glass_columns_c, glass_columns_b, glass_columns_c, glass_columns_c,
          glass_columns_c, glass_columns_a, glass_columns_a, glass_columns_b,
          glass_columns_b, glass_columns_a, minivault_12, uniq_erica,
          uniq_joseph, uniq_psyche, uniq_grum
D:9:      layout_irregular_city, orc_0_dummy, minmay_fractal_squares_diagonal_5,
          uniq_harold
D:10:     layout_basic, minivault_4, uniq_sonja
D:11:     layout_big_octagon, erik_lair_island, nicolae_demonic_statue_gallery,
          uniq_maurice, uniq_fannar
D:12:     layout_gridville, gauntlet_entry_generic, nicolae_the_louvre,
          uniq_nergalle
D:13:     layout_cave_pools, uniq_kirke
D:14:     layout_loops_cross, hellmonk_vaults_attempted_burglary, serial_shops,
          bzr_in_the_mist, chequers_avenue, minivault_20
D:15:     hellmonk_depths_entry_around_the_bend, layout_basic,
          nicolae_hepliaklqana_hazy_memory
Lair:1:   regret_index_malice_mire, layout_chaotic_city, grunt_megastairs_1,
          lemuel_fruit_tree, lemuel_fruit_fields, serial_bayou_shore_a
Lair:2:   layout_regular_city, elwin_shoals_entry_stream
Lair:3:   layout_regular_city, minmay_snake_entry_guardpost_large,
          grunt_forest_large_clearings, infiniplex_staircase_pool_2
Lair:4:   layout_long_grid, infiniplex_staircase_pool, serial_bayou_shore_b,
          serial_bayou_shore_b, uniq_snorg
Lair:5:   evilmike_catoblepas_cave, layout_hall_layers,
          minmay_slime_entry_oklob_enclosed, lookout_lair_type,
          minmay_shattered_shrine
Shoals:1: layout_shoals
Shoals:2: layout_shoals, lemuel_altar_in_water, nicolae_shoals_shepherds,
          uniq_polyphemus
Shoals:3: layout_shoals, nicolae_shoals_lost_giant_temple
Shoals:4: shoals_end_hangedman, layout_shoals, shoals_ilsuiw_ice, serial_shops,
          shop, nicolae_shoals_drake_roost
Snake:1:  layout_chambers, uniq_aizul
Snake:2:  layout_cave_pods, minmay_shop_star, uniq_vashnia
Snake:3:  layout_basic, nicolae_snake_boneroom, uniq_roxanne
Snake:4:  johnstein_snake_rune_scales, layout_chambers
Slime:1:  layout_caves
Slime:2:  layout_caves
Slime:3:  layout_caves
Slime:4:  layout_caves, nicolae_slime_barrier
Slime:5:  slime_pit_nicolae_trefoil
Orc:1:    layout_caves
Orc:2:    st_orc_congregation, layout_diamond_mine
Elf:1:    elf_arrival_002, layout_onion_city, minmay_elf_annihilation,
          dk_noncrumbling_4
Elf:2:    elven_hall_of_blades_hangedman_original
          [nicolae_blade_entry_diamond_columns], layout_gridlike,
          trove_entry_hex_spiral
Elf:3:    minmay_elf_hall_quartered_circle, layout_loops_corners,
          ebering_ghost_inner_flame, solitary_fountain
Vaults:1: ontoclasm_vaults_twist, grunt_vaults_twisty, v_misc_10,
          vaults_dpeg_emergency_exit, vaults_room_pool, vaults_mumra_hex,
          dpeg_vaults_monster_box, nicolae_vaults_weapon_check,
          nicolae_vaults_enemy_cabinets,
          nicolae_vaults_taking_the_gang_shopping, layout_vaults_big_room
Vaults:2: ontoclasm_vaults_fault, hangedman_vaults_restitches, v_misc_13,
          grunt_vaults_hallway_short, hangedman_vaults_cutoff,
          nicolae_vaults_surprise_closet, nicolae_vaults_apartment_1,
          lightli_orcish_oven, vaults_room_pools,
          nicolae_vaults_storage_room_glass, v_alt_pattern_2,
          nicolae_vaults_trapezoid_1, nicolae_vaults_diamond_1,
          nicolae_vaults_more_shelving_1, nicolae_vaults_little_squares_4,
          vaults_mumra_chevron_long, nicolae_vaults_gold_heap,
          layout_vaults_maze_bifur
Vaults:3: hangedman_vaults_restitches, vaults_dpeg_cross, v_alt_pattern_5,
          nicolae_vaults_network_square, hangedman_vaults_stretched_pinwheel,
          vaults_dpeg_ring, minmay_crypt_entry_skeletal_spiral,
          nicolae_vaults_windows_and_doors_thing, v_pattern_3, v_misc_18,
          vaults_room_octagon, vaults_room_stairs_pillars,
          layout_vaults_omnicross, uniq_nikola, uniq_margery
Vaults:4: portal_desolation_entry_nicolae_nacl,
          nicolae_vaults_trapezoid_lopsided_1,
          nicolae_vaults_security_offices_2, minmay_orc_keep,
          nicolae_vaults_stairing_the_circle, nicolae_vaults_house_1,
          nicolae_vaults_wine_cellar, layout_vaults_omnigrid, serial_shops,
          nicolae_shop_bloodbath_and_beyond, uniq_saint_roka
Depths:1: layout_cave_pools, corexii_corridor_pit, serial_sigils,
          serial_sigils_hangedman_snap, serial_sigils_hangedman_gut,
          serial_sigils_hangedman_snap, serial_sigils_hangedman_gut,
          serial_sigils_hangedman_confine, serial_sigils_hangedman_carve,
          pf_coc_iceberg, st_stairs_3, minmay_misc_feat_roman,
          hangedman_abyss_or_decor_lesser_grid, nicolae_uskayaw_dance_hall
Depths:2: minmay_octagon_keep, layout_cave_pools, grunt_pan_entry_in_and_out,
          pf_vacation_house_of_asmodeus, nicolae_ru_awakened_eye, uniq_asterion,
          uniq_vv, uniq_bai_suzhen
Depths:3: little_maze_vault, layout_gridlike, enter_ziggurat_f, abyss_entry,
          nzn_wu_jian_contemplation, nicolae_hell_entry_hellmouth_sunbeams,
          firewood_loft
Depths:4: evilmike_zot_entry_basic, layout_gridlike, hellmouth_1,
          serial_bayou_pond_c, grunt_ministairs_11, drop_trap, st_stairs_8,
          uniq_parghit
Zot:1:    gammafunk_sealed_library, layout_onion_interference
Zot:2:    infiniplex_zot_generator, layout_concentric_octagons
Zot:3:    gammafunk_its_a_trap, layout_twisted_circle,
          regret_index_zotdec_decaying_basic
Zot:4:    layout_basic, regret_index_zotdec_serpentine_scales,
          gammafunk_ghost_arena
Zot:5:    layout_basic, st_stairs_7

Skill      XL: |  1  2  3  4  5  6  7  8  9 10 11 12 13 14 15 16 17 18 19 20 21 22 23 24 25 26 |
---------------+-------------------------------------------------------------------------------+-----
Dodging        | 1 2 3 5 6 7 8 9 10 11 13 15 18 20 | 20.0
Armour         | 2 3 4 5 6 7 9 |  9.4
Polearms       | 3 4 5 6 8 9 10 15 16 19 20 | 20.9
Fighting       | 4 5 6 7 8 10 11 15 18 19 20 | 20.0
Invocations    | 4 5 7 9 10 11 | 11.5
Evocations     | 4 5 9 10 | 10.0
Shapeshifting  | 2 9 13 14 15 16 17 18 20 | 20.0
Translocations | 7 11 12 13 | 13.7
Spellcasting   | 4 5 |  5.0

Action                     |  1- 3 |  4- 6 |  7- 9 | 10-12 | 13-15 | 16-18 | 19-21 | 22-24 | 25-27 || total
---------------------------+-------+-------+-------+-------+-------+-------+-------+-------+-------++-------
  Melee: Spear             |    98 |   128 |   301 |   778 |  1275 |  1146 |   937 |       |       ||  4663
         Dagger            |    67 |   106 |    36 |       |       |       |       |       |       ||   209
         Trident           |       |       |       |       |   580 |  1151 |   901 |       |       ||  2632
         Demon trident     |       |       |       |       |       |       |   487 |  1444 |  1260 ||  3191
  Throw: Dart              |       |       |       |     1 |     3 |     2 |     1 |       |       ||     7
   Cast: Manifold Assault  |       |       |       |       |    27 |   424 |   413 |   516 |   365 ||  1745
         Apportation       |       |       |       |       |       |       |       |       |     3 ||     3
 Invoke: Depart the Abyss  |       |       |       |     1 |       |       |       |       |       ||     1
         Banish            |       |       |       |       |     9 |     1 |     7 |     2 |     1 ||    20
         Corrupt           |       |       |       |       |       |     1 |       |       |       ||     1
         Brand Weapon With |       |       |       |       |       |       |       |     1 |       ||     1
Ability: Invent Gizmo      |       |       |       |       |     1 |       |       |       |       ||     1
  Evoke: Wand              |       |     2 |     5 |     7 |    10 |     4 |     2 |     1 |       ||    31
         Condenser vane    |       |       |       |       |     2 |     3 |     1 |       |     1 ||     7
         Lightning rod     |       |       |       |       |     2 |     4 |     7 |       |     4 ||    17
         Box of beasts     |       |       |       |       |       |     2 |     1 |       |       ||     3
    Use: Potion            |       |     2 |     4 |       |    10 |       |     5 |       |    15 ||    36
         Scroll            |       |       |     7 |    11 |    12 |    13 |    11 |     6 |    13 ||    73
   Stab: Sleeping          |     2 |     1 |     2 |     3 |     1 |       |       |       |       ||     9
         Confused          |     1 |     1 |     2 |     1 |       |       |       |       |       ||     5
         Paralysed         |       |     8 |     8 |     7 |       |       |       |       |       ||    23
         Distracted        |       |       |     2 |     7 |    14 |    12 |    12 |       |     1 ||    48
         Invisible         |       |       |     2 |       |     1 |    12 |     7 |       |     2 ||    24
         Petrified         |       |       |       |     6 |     4 |       |       |       |       ||    10
 Armour: Leather armour    |    33 |    56 |    84 |   153 |   191 |       |       |       |       ||   517
         Skin              |       |       |       |       |   231 |   660 |   468 |   213 |   318 ||  1890
  Dodge: Dodged            |    38 |    49 |    71 |   106 |   411 |   396 |   309 |   172 |   199 ||  1751
  Block: Other             |       |       |    10 |    27 |    39 |       |       |       |       ||    76
   Form: Statue            |       |       |       |       |     2 |       |       |       |       ||     2
                           |       |       |       |       |     1 |       |       |       |       ||     1

Table legend: (Time is in decaauts)
 A = Elapsed time spent in this place.
 B = Non-inter-level travel time spent in this place.
 C = Inter-level travel time spent in this place.
 D = Time resting spent in this place.
 E = Time spent auto-exploring this place.
 F = Levels seen in this place.
 G = Mean time per level.
                   A        B        C        D        E       F      G
               +--------+--------+--------+--------+--------+-----+--------+
         Total |  98195 |  89859 |   8336 |  16805 |  57108 |  57 | 1722.7 |
       Dungeon |  20733 |  17440 |   3293 |   2395 |  11500 |  15 | 1382.2 |
          Lair |   9112 |   8034 |   1078 |   1271 |   5020 |   5 | 1822.4 |
        Shoals |  10257 |   9764 |    493 |   1694 |   6585 |   4 | 2564.2 |
     Snake Pit |  11014 |  10407 |    607 |   1523 |   7573 |   4 | 2753.5 |
    Slime Pits |   2330 |   2187 |    143 |   1067 |    418 |   5 |  466.0 |
  Orcish Mines |   3079 |   2614 |    465 |    601 |   1248 |   2 | 1539.5 |
   Elven Halls |   8905 |   8125 |    780 |    862 |   6138 |   3 | 2968.3 |
        Vaults |  12516 |  11957 |    559 |   3050 |   7075 |   4 | 3129.0 |
        Depths |  11113 |  10441 |    672 |   1103 |   8027 |   4 | 2778.2 |
           Zot |   5511 |   5268 |    243 |   1821 |   2479 |   5 | 1102.2 |
         Abyss |     46 |     46 |      0 |      0 |      0 |   1 |   46.0 |
        Bazaar |    151 |    151 |      0 |      0 |     64 |   1 |  151.0 |
         Trove |     95 |     95 |      0 |      0 |     16 |   1 |   95.0 |
       Ossuary |     39 |     39 |      0 |      0 |      0 |   1 |   39.0 |
    Desolation |   2679 |   2679 |      0 |   1217 |    760 |   1 | 2679.0 |
      Gauntlet |    609 |    609 |      0 |    195 |    201 |   1 |  609.0 |
               +--------+--------+--------+--------+--------+-----+--------+

Top non-repeatable levels by time:
Vaults:1: 4198 daAuts
Vaults:3: 4092 daAuts
 Snake:1: 3534 daAuts
   Elf:2: 3434 daAuts
Depths:3: 3330 daAuts
Depths:4: 3308 daAuts
   Elf:3: 3114 daAuts
  Lair:5: 3031 daAuts
Shoals:4: 3025 daAuts
Depths:1: 2891 daAuts
 Snake:3: 2772 daAuts
Desolation: 2679 daAuts
   Zot:4: 2657 daAuts
 Snake:4: 2622 daAuts
Shoals:2: 2561 daAuts
